 Dungeon Crawl Stone Soup version 0.10.4 character file.

1808 MordorOrchid the Ruinous (level 8, -4/48 HPs)
             Began as an Octopode Fire Elementalist on Sept 26, 2019.
             Was a Follower of Sif Muna.
             Slain by an orc warrior
             ... wielding a +0,+2 orcish trident
              (21 damage)
             ... on Level 7 of the Dungeon.
             The game lasted 00:44:40 (7304 turns).

MordorOrchid the Ruinous (OpFE)                     Turns: 7304, Time: 00:44:41

HP  -4/48        AC  1     Str  7      XL: 8   Next: 73%
MP  12/19        EV 13     Int 20      God: Sif Muna [*.....]
Gold 364         SH  0     Dex 12      Spells:  5 memorised,  4 levels left

Res.Fire  : . . .   See Invis. : .   p - -1,+1 orc trident (venom)
Res.Cold  : . . .   Warding    : . . (no shield)
Life Prot.: . . .   Conserve   : .   (helmet restricted)
Res.Acid. : . . .   Res.Corr.  : .   (no amulet)
Res.Poison: .       Clarity    : .   (no ring)
Res.Elec. : .       Spirit.Shd : .   (no ring)
Sust.Abil.: . .     Stasis     : .   (no ring)
Res.Mut.  : .       Ctrl.Telep.: .   (no ring)
Res.Rott. : .       Levitation : .   (no ring)
Saprovore : . . .   Ctrl.Flight: .   (no ring)
                                     (no ring)
                                     (no ring)

@: overloaded, very slow, slightly resistant to hostile enchantments, unstealthy
A: almost no armour, amphibious, constrict 8, camouflage 1, tentacles 3, AC +1
a: Channel Energy, Renounce Religion


You were on level 7 of the Dungeon.
You worshipped Sif Muna.
Sif Muna was pleased with you.
You were overloaded with stuff.
You were very hungry.

You visited 1 branch of the dungeon, and saw 7 of its levels.

You collected 344 gold pieces.

Inventory:

Hand weapons
 i - a -1,+1 orcish scimitar
 p - a -1,+1 orcish trident of venom (weapon)
 q - a -1,+0 orcish dagger
 v - a +2,+0 elven short sword
 x - a +2,+2 orcish trident
 D - a +3,+2 quarterstaff of chaos
 F - a -1,+1 orcish dagger
Missiles
 m - 4 +0 darts of flame
 o - 20 +4 darts
 s - 4 +0 throwing nets
 t - a -2 throwing net
 u - 14 +2 darts (quivered)
Magical devices
 l - a wand of fire (9) {unknown}
 w - a wand of slowing (11) {unknown}
 E - a wand of lightning (6)
Comestibles
 c - 11 bread rations
 f - 4 meat rations
Scrolls
 a - a scroll of fear
 d - 2 scrolls of teleportation
 e - a scroll of blinking {unknown}
 g - 2 scrolls of remove curse
 j - 3 scrolls of detect curse
 n - a scroll of magic mapping
 y - a scroll of enchant weapon II {unknown}
 C - a scroll of curse armour {unknown}
Potions
 h - a potion of degeneration {unknown}
 k - 3 potions of curing
 r - a potion of magic {unknown}
 z - a potion of agility
 A - a potion of poison {unknown}
 B - a potion of heal wounds {unknown}
Books
 b - a book of Flames

   Spells                             Type                      Level
   *Flame Tongue                      Conjuration/Fire             1
   *Throw Flame                       Conjuration/Fire             2
   *Conjure Flame                     Conjuration/Fire             3
   *Inner Flame                       Hexes/Fire                   3
   *Sticky Flame                      Conjuration/Fire             4
   Fireball                           Conjuration/Fire             5


   Skills:
 - Level 2.1 Fighting
 + Level 0.4 Staves
 * Level 4.2 Dodging
 - Level 3.3 Stealth
 * Level 5.0 Spellcasting
 * Level 5.7 Conjurations
 + Level 0.4 Hexes
 * Level 5.5 Fire Magic
 * Level 2.1 Evocations


You had 4 spell levels left.
You knew the following spells:

 Your Spells              Type           Power        Failure   Level  Hunger
a - Flame Tongue          Fire/Conj      #####.       1%          1    None
b - Throw Flame           Fire/Conj      #####..      1%          2    None
c - Conjure Flame         Fire/Conj      #####....    4%          3    Choko
d - Inner Flame           Fire/Hex       ####.....    12%         3    Choko
e - Sticky Flame          Fire/Conj      #####....    14%         4    Honeycomb

Dungeon Overview and Level Annotations

Branches:
Dungeon (7/27)             Temple (0/1) D:5
    Orc: D:6-11

Altars:
Elyvilon
Fedhas
Okawaru
Sif Muna
The Shining One

Annotations
D:4 exclusion: upstairs
D:7 Edmund


Innate Abilities, Weirdness & Mutations

You cannot wear most types of armour.
You can wear up to eight rings at the same time.
You are amphibious.
You can use your tentacles to constrict many enemies at once.
Your rubbery body absorbs attacks (AC +1).
Your skin changes colour to match your surroundings (Stlth).
You have a mass of large tentacles instead of arms.


Message History

The fire roars!
The orc warrior picks up an orcish hand axe.
Casting: Conjure Flame
Confirm with . or Enter, or press ? or * to list all spells.
Aiming: Conjure Flame
Press: ? - help, Dir - move target cursor The fire roars!
You are feeling very hungry.
The orc warrior is engulfed in roaring flames.
The orc warrior barely misses you.
Casting: Conjure Flame
Confirm with . or Enter, or press ? or * to list all spells.
Aiming: Flame Tongue
Press: ? - help, Shift-Dir - straight line, f - orc warrior
Aim: an orc warrior, wielding an orcish trident and wearing an orcish plate armour (flame, moderately wounded)
The flame hits the orc warrior.
The orc warrior is moderately wounded.
The orc warrior is engulfed in roaring flames.
The orc warrior hits you from afar with an orcish trident!
You die...

#..###...................#.....
##.##..#................###....
###.###.................#.....
### #.......................
#.##....#...............
###.#[f##...............
#.###.#o[#.#...........
####.#ยง#####.......(... #.#@#
..#........%.. ##.##
#........#..## ###
.......#..##.. ......#...#..
#..####.##.#. ## ..##.### #..#
## # ### ## #<


You could see an orc warrior.

Vanquished Creatures
  A merfolk (D:7)
  An ice beast (D:6)
  An orc warrior (D:7)
  An ogre (D:4)
  A giant frog (D:7)
  6 crimson imps
  The ghost of crawlian the Firebug, a weakling DEFE (D:3)
  4 hounds
  Crazy Yiuf (D:4)
  An iguana (D:4)
  2 orc priests (D:4)
  3 big fish (D:7)
  4 orc wizards
  A scorpion (D:6)
  4 worker ants
  4 gnolls
  4 adders
  An adder skeleton (D:4)
  5 worms
  2 giant geckos
  17 orcs
  9 bats
  6 giant cockroaches
  12 goblins
  17 hobgoblins
  An ooze (D:1)
  A quokka (D:7)
  4 ball pythons
  A giant gecko zombie (D:6)
  3 giant newts
  3 halflings (D:2)
  2 jackals (D:5)
  19 kobolds
  15 rats
  A plant (D:2)
159 creatures vanquished.

Vanquished Creatures (others)
  A hobgoblin (D:1)
  2 bats (D:2)
  A goblin (D:6)
  A rat (D:3)
  A plant (D:2)
  16 toadstools
22 creatures vanquished.

Grand Total: 181 creatures vanquished

Notes
Turn   | Place    | Note
--------------------------------------------------------------
     0 | D:1      | MordorOrchid, the Octopode Fire Elementalist, began the quest for the Orb.
     0 | D:1      | Reached XP level 1. HP: 11/11 MP: 3/3
   336 | D:1      | Reached XP level 2. HP: 17/17 MP: 2/4
   341 | D:1      | Learned a level 2 spell: Throw Flame
   643 | D:1      | Reached XP level 3. HP: 18/21 MP: 6/6
   981 | D:1      | Found an iron altar of Okawaru.
  1684 | D:2      | Reached XP level 4. HP: 27/27 MP: 4/8
  1689 | D:2      | Learned a level 3 spell: Conjure Flame
  2897 | D:3      | Reached XP level 5. HP: 31/31 MP: 8/10
  2902 | D:3      | Learned a level 3 spell: Inner Flame
  3022 | D:3      | Noticed crawlian's ghost (weakling DEFE)
  3028 | D:3      | Killed crawlian's ghost
  3524 | D:3      | Reached skill level 4 in Fire Magic
  3860 | D:4      | Reached skill level 1 in Fighting
  3860 | D:4      | Reached XP level 6. HP: 13/36 MP: 10/13
  4682 | D:4      | Noticed Crazy Yiuf
  4690 | D:4      | Killed Crazy Yiuf
  4690 | D:4      | Reached XP level 7. HP: 42/42 MP: 8/15
  4963 | D:4      | Learned a level 4 spell: Sticky Flame
  4983 | D:5      | Entered Level 5 of the Dungeon
  5105 | D:5      | Found a staircase to the Ecumenical Temple.
  5167 | D:5      | Found a glowing golden altar of the Shining One.
  5765 | D:6      | Found a deep blue altar of Sif Muna.
  5768 | D:6      | Became a worshipper of Sif Muna the Loreminder
  5963 | D:6      | Found a blossoming altar of Fedhas.
  6079 | D:6      | Found a white marble altar of Elyvilon.
  6272 | D:6      | Reached skill level 5 in Fire Magic
  6324 | D:6      | Reached skill level 5 in Conjurations
  6591 | D:7      | Reached XP level 8. HP: 48/48 MP: 10/18
  6690 | D:7      | Noticed Edmund
  6735 | D:7      | Reached skill level 1 in Evocations
  6844 | D:7      | Acquired Sif Muna's first power
  7001 | D:7      | Reached skill level 5 in Spellcasting
  7304 | D:7      | Slain by an orc warrior
